Map: Pillars of Gold LE

Players

DnS

  • Race: Protoss Protoss
  • Spawn Location: 7:00

AGOElazer (Elazer) - Winner!

  • Race: Zerg Zerg
  • League: Grandmaster
  • Spawn Location: 1:00

Event: DreamHack SC2 Masters 2020 Summer Europe

VOD

Have the link to the VOD?

Description

Time

  • Played on: July 1, 2020, 12:49 p.m.
  • Length: 15:02

All games in this series

Show
View Real Time Build Order
Export as new Build Order

DnS Protoss 

Build Orders: 1 Gate Expand, Oracle Opening 

Get SALT Encoding   

  12  0:00  Probe  
  13  0:12  Probe  
  14  0:20  Pylon  
  14  0:24  Probe  
  15  0:35  Probe  
  16  0:42  Gateway  
  16  0:43  Probe  
  17  0:52  Assimilator  
  17  0:54  Probe  
  18  1:07  Probe  
  19  1:19  Probe  
  20  1:31  Nexus  
  20  1:42  Cybernetics Core  
  20  1:46  Probe  
  21  1:52  Assimilator  
  21  1:59  Probe  
  22  2:02  Pylon  
  22  2:10  Adept  
  22  2:11  Probe  
  23  2:19  Warp Gate, Probe  
  25  2:27  Probe  
  26  2:32  Stalker, Stargate  
  27  2:37  Probe  
  30  2:47  Probe  
  30  2:49  Probe  
  32  2:59  Probe  
  32  3:01  Probe  
  34  3:07  Oracle  
  34  3:10  Gateway  
  34  3:11  Probe  
  35  3:13  Probe  
  39  3:22  Adept  
  39  3:24  Probe  
  39  3:25  Probe  
  43  3:28  Pylon  
  43  3:36  Oracle, Probe  
  43  3:37  Probe  
  45  3:42  Assimilator  
  48  3:49  Probe  
  48  3:50  Probe  
  48  3:54  Pylon  
  50  3:58  Twilight Council  
  50  4:01  Gateway  
  50  4:07  Gateway  
  50  4:10  Resonating Glaives  
  50  4:11  Adept  
  50  4:13  Adept  
  50  4:15  Probe  
  55  4:19  Probe  
  56  4:28  Pylon, Probe  
  56  4:31  Probe  
  58  4:36  Adept  
  58  4:37  Adept  
  62  4:46  Pylon  
  62  4:48  Pylon  
  61  4:53  Gateway  
  61  4:57  Adept x2  
  63  5:00  Adept  
  63  5:05  Pylon  
  63  5:06  Pylon  
  65  5:13  Pylon  
  65  5:14  Probe x2  
  67  5:29  Adept x4  
  67  5:34  Probe  
  67  5:35  Probe  
  77  5:37  Assimilator, Pylon  
  76  5:47  Probe  
  76  5:49  Stalker  
  79  5:53  Adept x3  
  85  6:04  Nexus  
  85  6:07  Pylon  
  85  6:10  Probe x2  
  87  6:15  Robotics Facility  
  87  6:25  Adept x4  
  95  6:34  Probe x2  
  95  6:37  Robotics Facility  
  97  6:45  Sentry x4  
  105  6:52  Probe  
  98  7:00  Immortal  
  84  7:02  Probe  
  84  7:04  Probe  
  74  7:19  Probe  
  74  7:21  Adept x4  
  83  7:23  Immortal, Shield Battery  
  81  7:32  Immortal  
  81  7:36  Probe x2  
  81  7:37  Probe  
  87  7:41  Charge  
  87  7:43  Forge  
  91  7:48  Sentry x2  
  91  7:49  Adept  
  91  7:50  Adept  
  100  7:51  Probe x3  
  102  7:58  Immortal  
  102  8:03  Probe  
  103  8:08  Probe  
  103  8:09  Probe  
  103  8:10  Immortal  
  103  8:12  Pylon  
  109  8:14  Pylon  
  109  8:17  Protoss Ground Weapons Level 1, Probe  
  114  8:27  Robotics Bay  
  113  8:34  Probe x3  
  113  8:37  Assimilator x2  
  113  8:38  Observer  
  116  8:46  Warp Prism, Probe x3  
  116  8:48  Adept x2  
  123  8:58  Probe  
  123  8:59  Probe  
  123  9:00  Probe  
  128  9:07  Pylon  
  128  9:08  Pylon  
  128  9:09  Colossus  
  128  9:10  Colossus  
  128  9:13  Probe x2  
  131  9:24  Gateway  
  131  9:29  Gateway  
  131  9:32  Gateway  
  131  9:33  Extended Thermal Lance  
  128  9:39  Probe  
  128  9:40  Gateway  
  128  9:42  Photon Cannon  
  129  9:53  Zealot  
  129  9:55  Colossus x2  
  143  10:12  Zealot x3  
  149  10:14  Pylon  
  145  10:24  Sentry x2, Zealot  
  129  10:28  Protoss Ground Weapons Level 2  
  128  10:35  Zealot x5  
  128  10:39  Templar Archives  
  138  10:48  Nexus  
  138  10:49  Shield Battery  
  138  11:06  Colossus  
  138  11:09  Observer  
  138  11:14  Nexus  
  145  11:20  High Templar x4  
  145  11:23  Probe x3  
  145  11:24  Archon x2  
  145  11:25  Pylon  
  156  11:29  Photon Cannon  
  156  11:32  Shield Battery  
  156  11:33  Zealot  
  158  11:41  Zealot x3  
  158  11:46  Pylon  
  158  11:47  Probe x2  
  166  11:48  Pylon  
  166  11:50  Pylon  
  160  11:54  High Templar  
  160  11:55  High Templar x3  
  160  11:59  Photon Cannon, Archon x2  
  168  12:01  Zealot x2  
  168  12:02  Photon Cannon  
  172  12:08  High Templar x2  
  172  12:12  Photon Cannon  
  172  12:13  Archon  
  172  12:14  Probe x3  
  150  12:23  Probe  
  150  12:24  Probe x2  
  150  12:29  Probe  
  142  12:31  Probe  
  142  12:32  Probe x2  
  142  12:34  High Templar x2  
  149  12:38  Archon  
  149  12:40  Probe x2  
  149  12:42  Shield Battery  
  151  12:45  Stalker  
  152  12:58  Probe x4  
  148  13:07  Zealot  
  148  13:10  Probe  
  75  13:27  High Templar x2  
  75  13:28  High Templar x2, Zealot x4  
  75  13:32  Archon x2  
  86  13:55  High Templar x4  
  88  13:59  Archon x2  
  90  14:12  Zealot x4  
  90  14:21  Warp Prism  
  81  14:28  High Templar x2, Zealot x2  
  89  14:33  Archon  
  89  14:34  Zealot x2  
  89  14:36  High Templar  
  89  14:37  High Templar  
  99  14:40  Archon  
  99  14:50  Zealot x3  
Show
View Real Time Build Order
Export as new Build Order

AGOElazer Zerg - Winner!

Build Orders: Hatch First 

Get SALT Encoding   

  12  0:00  Drone  
  13  0:12  Overlord  
  13  0:17  Drone  
  14  0:30  Drone  
  14  0:31  Drone  
  16  0:47  Drone  
  17  0:54  Hatchery  
  17  0:56  Drone  
  17  1:00  Drone  
  18  1:10  Extractor  
  17  1:14  Spawning Pool  
  16  1:19  Drone  
  16  1:22  Drone  
  18  1:28  Drone  
  20  1:40  Drone  
  20  1:50  Overlord  
  20  2:01  Queen  
  22  2:05  Queen  
  22  2:06  Zergling x4  
  26  2:11  Drone  
  26  2:15  Metabolic Boost  
  27  2:18  Drone  
  28  2:23  Drone  
  30  2:30  Drone  
  30  2:33  Drone  
  31  2:43  Hatchery  
  30  2:49  Queen  
  32  2:51  Zergling x2  
  32  2:56  Overlord  
  33  2:59  Drone  
  33  3:01  Drone  
  33  3:03  Drone  
  36  3:08  Overlord  
  36  3:15  Drone x3  
  36  3:18  Drone  
  40  3:24  Queen  
  42  3:29  Drone x2  
  46  3:34  Drone x2  
  46  3:38  Queen  
  48  3:41  Drone  
  48  3:43  Drone  
  48  3:46  Drone  
  48  3:47  Drone  
  52  3:54  Overlord  
  52  3:57  Roach Warren  
  52  4:02  Zergling x6  
  54  4:08  Overlord  
  54  4:10  Zergling x6  
  54  4:12  Zergling x2  
  54  4:15  Zergling x4  
  60  4:20  Overlord  
  60  4:23  Zergling x6  
  63  4:30  Spore Crawler  
  62  4:32  Spore Crawler  
  62  4:33  Spore Crawler  
  62  4:36  Overlord  
  62  4:37  Drone x3  
  62  4:39  Drone  
  62  4:40  Drone  
  62  4:42  Drone  
  62  4:44  Drone  
  66  4:50  Drone x3  
  66  4:51  Drone  
  70  4:53  Drone  
  70  4:55  Drone  
  70  4:56  Drone  
  70  4:59  Drone x2  
  74  5:02  Drone, Extractor  
  74  5:03  Drone  
  74  5:05  Drone x2  
  77  5:10  Overlord  
  77  5:11  Drone x2  
  79  5:15  Queen  
  79  5:18  Drone x2  
  83  5:21  Overlord  
  83  5:23  Overlord  
  83  5:24  Drone  
  83  5:27  Extractor  
  77  5:29  Lair  
  77  5:33  Drone x3  
  82  5:35  Drone x3  
  82  5:38  Overlord  
  83  5:43  Drone x4  
  83  5:45  Overlord  
  87  5:53  Overlord  
  87  5:56  Drone x3  
  90  5:59  Overlord  
  90  6:01  Extractor  
  90  6:02  Extractor  
  90  6:03  Zergling x2  
  90  6:04  Zergling x12  
  95  6:07  Baneling Nest  
  95  6:09  Evolution Chamber  
  93  6:11  Roach x2  
  93  6:15  Roach x2  
  93  6:17  Roach  
  93  6:18  Roach  
  105  6:28  Overlord  
  105  6:30  Drone x2  
  105  6:31  Hydralisk Den, Drone  
  107  6:33  Roach  
  107  6:34  Roach x3, Extractor  
  107  6:37  Roach x2  
  118  6:41  Zergling x6  
  120  6:48  Zergling x2  
  120  6:49  Zergling x6  
  117  6:54  Zergling x2  
  117  6:55  Zergling x2  
  110  7:02  Overlord  
  110  7:05  Zergling x8  
  107  7:08  Zergling x2  
  107  7:09  Zergling x2  
  107  7:12  Zergling x6  
  104  7:16  Zerg Melee Weapons Level 1, Overlord, Muscular Augments  
  104  7:17  Drone  
  102  7:24  Drone x2  
  102  7:27  Overlord  
  102  7:28  Drone x2  
  105  7:33  Drone  
  105  7:36  Drone  
  107  7:39  Drone  
  107  7:40  Drone x2  
  107  7:42  Drone x3  
  113  7:44  Drone  
  113  7:46  Drone x2  
  113  7:51  Overlord  
  113  7:59  Overlord  
  113  8:00  Drone x4  
  115  8:13  Pneumatized Carapace  
  115  8:16  Drone x3  
  115  8:17  Hatchery, Drone  
  118  8:21  Hydralisk  
  118  8:24  Hydralisk  
  122  8:28  Hydralisk x2  
  122  8:32  Hydralisk  
  122  8:33  Hydralisk  
  127  8:38  Hydralisk  
  127  8:39  Hydralisk  
  129  8:44  Baneling x3  
  129  8:46  Baneling x4  
  129  8:47  Centrifical Hooks  
  129  8:50  Hydralisk x2  
  129  8:53  Grooved Spines  
  133  8:58  Hydralisk x3  
  139  9:03  Hydralisk x2  
  139  9:07  Hydralisk x2  
  146  9:11  Overlord  
  146  9:13  Hydralisk  
  146  9:22  Hydralisk x4  
  147  9:29  Drone x6  
  153  9:34  Overlord  
  153  9:39  Zergling x12  
  153  9:42  Ravager x2  
  153  9:43  Ravager  
  153  9:44  Baneling x5  
  162  9:54  Zerg Melee Weapons Level 2  
  162  9:56  Zergling x14  
  162  9:57  Zergling x2  
  170  10:04  Baneling x16  
  170  10:08  Overseer  
  170  10:09  Zergling x8  
  174  10:15  Zergling x12  
  155  10:31  Drone x5, Spire  
  155  10:34  Extractor  
  154  10:37  Drone x6  
  154  10:40  Hatchery  
  159  10:45  Zergling x14  
  166  10:51  Extractor  
  166  10:55  Baneling  
  166  10:56  Baneling x3  
  165  10:59  Zergling x2  
  165  11:00  Zergling x18  
  169  11:18  Zergling x14  
  176  11:27  Overlord  
  176  11:28  Overlord x2  
  176  11:31  Infestation Pit  
  174  11:34  Baneling x4  
  174  11:38  Baneling x10  
  174  11:46  Corruptor x7  
  188  11:48  Overlord  
  188  11:49  Corruptor  
  190  12:03  Baneling x8  
  190  12:05  Zergling x12  
  190  12:06  Zergling x6  
  195  12:20  Zergling x6  
  195  12:21  Zergling x6  
  195  12:22  Baneling x18  
  199  12:28  Baneling x5  
  198  12:30  Hive, Zerg Missile Weapons Level 1  
  198  12:43  Baneling x4  
  198  12:44  Baneling x17  
  180  13:08  Zergling x32  
  180  13:09  Zergling x14  
  180  13:12  Hydralisk x6  
  188  13:15  Hydralisk  
  188  13:16  Hydralisk  
  169  13:20  Zergling x8  
  157  13:29  Zergling x16  
  155  13:36  Zergling x14  
  162  13:42  Baneling x14  
  162  13:47  Drone x4  
  162  14:02  Hydralisk x7  
  175  14:14  Spore Crawler  
  163  14:17  Hydralisk x8  
  163  14:21  Zergling x6  
  177  14:33  Baneling x4  
  177  14:38  Hydralisk  
  177  14:41  Baneling  
  177  14:42  Baneling x16  
Tags
 
Add a new tag
Caveats
  • Supply blocks, unpowered buildings, or Contaminate may cause inaccurate times.
  • Supply counts are checked every 10 seconds.